 Dungeon Crawl Stone Soup version 0.15.2 (webtiles) character file.

929 DrPain the Ducker (level 7, 0/33 HPs)
             Began as a Spriggan Assassin on Jan 8, 2015.
             Was a Follower of Trog.
             Slain by Duvessa
             ... wielding a +0 cutlass
              (6 damage)
             ... on Level 4 of the Dungeon.
             The game lasted 00:13:38 (6357 turns).

DrPain the Ducker (Spriggan Assassin)               Turns: 6357, Time: 00:13:38

HP   0/33        AC  5     Str  8      XL: 7   Next: 85%
MP  18/18        EV 21     Int 12      God: Trog [*.....]
Gold 135         SH  7     Dex 19      Spells:  0 memorised,  6 levels left

rFire  + . .     SeeInvis +     f - +0 blowgun
rCold  . . .     Clarity  .     c - +0 robe
rNeg   . . .     rCorr    .     u - +0 buckler {rF+}
rPois  .         rRot     .     (helmet restricted)
rElec  .         Spirit   .     d - +0 cloak
SustAb .         Warding  .     (gloves unavailable)
rMut   .         Stasis   .     (boots unavailable)
Gourm  .                        (no amulet)
MR     ++...                    (no ring)
                                (no ring)

@: very quick, very resistant to hostile enchantments, stealthy
A: unfitting armour, claws 1, thin metallic scales 1, see invisible, herbivore
3, speed 3, magic resistance 1, slow metabolism 2
a: Burn Spellbooks, Berserk, Renounce Religion


You were on level 4 of the Dungeon.
You worshipped Trog.
Trog was aware of your devotion.
You were not hungry.

You visited 2 branches of the dungeon, and saw 5 of its levels.

You collected 261 gold pieces.
You spent 126 gold pieces at shops.

Inventory:

Hand weapons
 f - a +0 blowgun (weapon)
 w - a +2 dagger
Missiles
 b - 2 curare-tipped needles (quivered)
 e - 32 poisoned needles
Armour
 c - a +0 robe (worn)
 d - a +0 cloak (worn)
 u - a +0 buckler of fire resistance (worn)
Comestibles
 g - a slice of pizza
 p - 4 fruits
 x - 6 bread rations
Scrolls
 a - 4 scrolls of teleportation
 i - a scroll of noise {unknown}
 j - 2 scrolls of enchant armour {unknown}
 k - a scroll of remove curse
 l - a scroll of enchant weapon {unknown}
 m - 2 scrolls of magic mapping {unknown}
 q - 3 scrolls of identify
 r - 2 scrolls of blinking {unknown}
 s - a scroll of fog {unknown}
 y - a scroll of random uselessness {unknown}
 z - a scroll of fear {unknown}
Jewellery
 v - an uncursed ring of teleportation
Potions
 h - 3 potions of heal wounds
 o - 2 potions of resistance
 t - 4 potions of curing
 A - a potion of cancellation {unknown}
 B - a potion of haste


   Skills:
 - Level 1.5 Fighting
 - Level 5.0 Short Blades
 - Level 2.1 Throwing
 - Level 5.9 Dodging
 - Level 5.8 Stealth
 + Level 4.5 Shields
 - Level 3.9 Evocations


You had 6 spell levels left.
You didn't know any spells.

Dungeon Overview and Level Annotations

Branches:
Dungeon (4/15)             Temple (1/1) D:4

Altars:
Ashenzari
Nemelex Xobeh
Qazlal
Trog
The Shining One

Shops:
D:4 (%

Annotations:
D:4 Dowan, Duvessa


Innate Abilities, Weirdness & Mutations

You are tiny and cannot use many weapons and most armour.
You have supernaturally acute eyesight.
You are a herbivore.
You cover ground extremely quickly.
You need consume almost no food.
You have sharp fingernails.
You are partially covered in thin metallic scales (AC +2).
You are resistant to hostile enchantments.


Message History

Duvessa is heavily wounded.
Duvessa hits you with a cutlass.
You closely miss Duvessa.
Duvessa is heavily wounded.
Duvessa closely misses you.
You closely miss Duvessa.
Duvessa is heavily wounded.
Duvessa hits you with a cutlass.
You completely miss Duvessa.
Duvessa is heavily wounded.
Duvessa hits you but does no damage.
You hit Duvessa but do no damage.
Duvessa is heavily wounded.
Duvessa hits you with a cutlass!
* * * LOW HITPOINT WARNING * * *
You are too injured to fight recklessly!
Wield which item (- for none, * to show all)? (? for menu, Esc to quit)
f - a +0 blowgun (weapon)
Duvessa hits you with a cutlass.
You die...

. . ... ####.####.#.## .#.
...##........###.# ...
......##.####.#.## #.#
##...#.# ##.## #.# #.#......#
#.# #.# #........# #.#
###.#### #####.#### #.#
.......# #.# ###.### .##.##.#
#@# #.....# .##.##.### ##e##
#.....## ......<..# #.e.#
#.<....# .##..#.#.# #.....#
#......# .###.#.#.# #.......#
#......#
........>###.....(...####....#
...........+.........+.......#
.........#
#.......(.####....####
####...### #....$..##
##......#


You could see Duvessa and Dowan.

Vanquished Creatures
  Grinder (D:3)
  Edmund (D:4)
  A black bear (D:4)
  2 giant frogs (D:3)
  A scorpion (D:4)
  2 orc priests (D:3)
  2 worker ants (D:4)
  Jessica (D:2)
  2 adders
  2 gnolls (D:4)
  4 worms
  3 giant geckos
  2 oozes
  7 orcs
  7 bats
  11 hobgoblins
  A quokka (D:3)
  2 ball pythons
  3 giant cockroaches
  6 giant newts
  19 goblins
  7 jackals
  21 kobolds
  14 rats
  2 butterflies (D:4)
124 creatures vanquished.

Notes
Turn   | Place    | Note
--------------------------------------------------------------
     0 | D:1      | DrPain, the Spriggan Assassin, began the quest for the Orb.
     0 | D:1      | Reached XP level 1. HP: 10/10 MP: 2/2
   313 | D:1      | Reached XP level 2. HP: 14/14 MP: 4/4
  1215 | D:2      | Reached XP level 3. HP: 12/18 MP: 6/6
  2167 | D:2      | Noticed Jessica
  2174 | D:2      | Killed Jessica
  2395 | D:2      | Reached XP level 4. HP: 1/22 MP: 8/8
  3144 | D:3      | Reached skill level 5 in Short Blades
  3427 | D:3      | Noticed Grinder
  3665 | D:3      | Reached XP level 5. HP: 11/25 MP: 10/10
  4166 | D:3      | Noticed a giant frog
  4176 | D:3      | Killed a giant frog
  4176 | D:3      | Reached skill level 5 in Dodging
  4438 | D:3      | Killed Grinder
  4438 | D:3      | Reached XP level 6. HP: 30/30 MP: 11/15
  4559 | D:3      | Noticed a giant frog
  4570 | D:3      | Killed a giant frog
  4570 | D:3      | Reached XP level 7. HP: 26/33 MP: 18/18
  4824 | D:4      | Gained mutation: You are partially covered in thin metallic scales (AC +2). [potion of mutation]
  4824 | D:4      | Gained mutation: You are resistant to hostile enchantments. [potion of mutation]
  4824 | D:4      | Gained mutation: You are weak. (Str -2) [potion of mutation]
  4860 | D:4      | Found Yffiagi's Antique Weapon Boutique.
  4936 | D:4      | Found a staircase to the Ecumenical Temple.
  4959 | Temple   | Entered the Ecumenical Temple
  4968 | Temple   | Became a worshipper of Trog the Wrathful
  4980 | D:4      | Lost mutation: You are weak. (Str -2) [potion of mutation]
  4980 | D:4      | Gained mutation: You have sharp fingernails. [potion of mutation]
  5211 | D:4      | Found Teiroza's Food Shop.
  5214 | D:4      | Bought a bread ration for 55 gold pieces
  5214 | D:4      | Bought a bread ration for 55 gold pieces
  5214 | D:4      | Bought a slice of pizza for 16 gold pieces
  5521 | D:4      | Noticed Edmund
  5531 | D:4      | Killed Edmund
  5716 | D:4      | Acquired Trog's first power
  6327 | D:4      | Noticed Dowan
  6329 | D:4      | Noticed Duvessa
  6357 | D:4      | Slain by Duvessa

Action                   |  1- 3 |  4- 6 |  7- 9 || total
-------------------------+-------+-------+-------++-------
Melee: Dagger            |   113 |    82 |   162 ||   357
 Fire: Blowgun           |     4 |    15 |     7 ||    26
  Use: Potion            |     6 |     2 |     4 ||    12
       Scroll            |       |     2 |       ||     2
 Stab: Sleeping          |     9 |    16 |    20 ||    45
       Paralysed         |     1 |     1 |     4 ||     6
       Distracted        |       |     2 |       ||     2
  Eat: Pizza             |       |     1 |       ||     1
